 Dungeon Crawl Stone Soup version 0.23.0-3-gf3c87f2 (webtiles) character file.

Game seed: 776064973208287047

1215 Lavandula the Grappler (level 8, -11/70 HPs)
             Began as a Troll Wanderer on Feb 21, 2019.
             Mangled by an orc warrior
             ... wielding a cursed +0 mace
              (15 damage)
             ... on level 6 of the Dungeon.
             The game lasted 00:06:09 (4201 turns).

Lavandula the Grappler (Troll Wanderer)             Turns: 4201, Time: 00:06:10

Health: -11/70     AC:  6    Str: 22    XL:     8   Next: 22%
Magic:  7/7        EV: 10    Int:  8    God:
Gold:   246        SH:  0    Dex: 10    Spells: 7/7 levels left

rFire    + . .     SeeInvis .     - Unarmed
rCold    + . .     Gourm    +   (no shield)
rNeg     . . .     Faith    .   c - +0 robe
rPois    .         Spirit   .   (helmet restricted)
rElec    .         Reflect  .   h - scarf {rC+ rF+}
rCorr    .         Harm     .   (gloves unavailable)
MR       .....                  (boots unavailable)
Stlth    +.........             (no amulet)
HPRegen  0.61/turn              (no ring)
MPRegen  0.10/turn              (no ring)

@: no status effects
A: large, unfitting armour, claws 3, fast metabolism 3, gourmand, regeneration
1, shaggy fur 1, tough skin 3
a: no special abilities


You were on level 6 of the Dungeon.
You were completely stuffed.

You visited 1 branch of the dungeon, and saw 6 of its levels.

You collected 261 gold pieces.
You spent 15 gold pieces at shops.

Inventory:

Hand Weapons
 a - a +2 mace
 w - a +2 trident of flaming
Missiles
 x - 2 throwing nets (quivered)
Armour
 c - a +0 robe (worn)
 h - a scarf of resistance (worn)
Jewellery
 r - a cursed amulet of inaccuracy {unknown}
 z - a +2 ring of dexterity {unknown}
Wands
 u - a wand of flame (17)
Scrolls
 b - 8 scrolls of teleportation
 e - 2 scrolls of enchant weapon {unknown}
 f - 8 scrolls of identify {unknown}
 g - 4 scrolls of fear {unknown}
 j - a scroll of blinking {unknown}
 o - 2 scrolls of amnesia {unknown}
 p - a scroll of immolation {unknown}
 v - a scroll of remove curse {unknown}
 y - a scroll of random uselessness {unknown}
Potions
 i - 4 potions of haste {unknown}
 k - 2 potions of lignification {unknown}
 l - a potion of flight {unknown}
 m - a potion of resistance {unknown}
 n - 5 potions of curing {unknown}
 s - 2 potions of ambrosia {unknown}
 t - 3 potions of heal wounds {unknown}
Comestibles
 d - 12 rations
 q - 11 chunks of flesh


   Skills:
 - Level 1.5 Fighting
 - Level 2.6 Maces & Flails
 - Level 1.0 Throwing
 - Level 2.4 Dodging
 + Level 9.8 Unarmed Combat
 - Level 1.0 Evocations


You had 7 spell levels left.
You didn't know any spells.
Your spell library contained the following spells:

 Spells                   Type           Power        Failure   Level  Hunger
 Summon Small Mammal      Summ           #...         41%         1    ##.....
 Call Imp                 Summ           #.......     54%         2    ###....
 Call Canine Familiar     Summ           #.......     78%         3    ####...
 Summon Guardian Golem    Hex/Summ       #.......     78%         3    ####...
 Summon Ice Beast         Ice/Summ       #.......     99%         4    #####..
 Summon Lightning Spire   Summ/Air       #.......     99%         4    #####..


Dungeon Overview and Level Annotations

Branches:
Dungeon (6/15)             Temple (0/1) D:5

Altars:
Cheibriados
Hepliaklqana
Kikubaaqudgha
Makhleb
Okawaru
Qazlal
Ru
Trog
Zin

Shops:
D:5 :!(*


Innate Abilities, Weirdness & Mutations

You are too large for most types of armour.
You have claws for hands.
Your metabolism is lightning-fast.
You like to eat raw meat.
Your natural rate of healing is unusually fast.
You are covered in fur. (AC +1)
You have extremely tough skin. (AC +3)


Message History

The orc warrior hits you with a cursed +0 mace!
* * * LOW HITPOINT WARNING * * *
You closely miss the orc warrior.
The orc warrior is almost dead.
You barely miss the orc warrior.
The orc warrior is almost dead.
The orc warrior hits you with a cursed +0 mace!
* * * LOW HITPOINT WARNING * * *
You closely miss the orc warrior.
The orc warrior is almost dead.
The orc warrior hits you with a cursed +0 mace!
* * * LOW HITPOINT WARNING * * *
You barely miss the orc warrior.
The orc warrior is almost dead.
The orc priest calls upon Beogh to heal the orc warrior.
The orc warrior is healed somewhat.
You scratch the orc warrior.
The orc warrior is almost dead.
The orc warrior hits you with a cursed +0 mace!
You die...

####.##.#
...#.##.#
##.#.##.#
.....##(# ###
##.####.# #.. #.#
#.# #.# #.# #<#
#o# #.# ### #o#
#.. #@#
################.#
..).....(((((.)..#
##################


You could see an orc warrior and an orc priest.

Vanquished Creatures
  A phantom (D:5)
  2 ogres
  3 centaurs
  3 scorpions
  A centaur zombie (D:5)
  A hound (D:4)
  2 jellies
  An orc priest (D:4)
  An orc wizard (D:6)
  An iguana (D:6)
  2 worker ants (D:4)
  3 gnolls (D:2)
  7 adders
  9 river rats (D:5)
  A shadow imp (D:5)
  2 adder zombies
  2 adder skeletons
  3 worms
  A dart slug (D:2)
  3 leopard geckos
  11 orcs
  9 bats
  2 giant cockroaches
  13 goblins
  5 hobgoblins
  7 jackals
  5 quokkas
  11 kobolds
  A quokka zombie (D:5)
  33 rats
146 creatures vanquished.

Notes
Turn   | Place    | Note
-------+----------+-------------------------------------------
     0 | D:1      | Lavandula the Troll Wanderer began the quest for the Orb.
     0 | D:1      | Lavandula set off with the following items: a +2 mace, a
                  | scroll of teleportation, a +0 robe, 2 rations
     0 | D:1      | Reached XP level 1. HP: 19/19 MP: 0/0
    86 | D:1      | Reached skill level 1 in Unarmed Combat
   154 | D:1      | Reached XP level 2. HP: 25/27 MP: 1/1
   168 | D:1      | Reached skill level 2 in Unarmed Combat
   821 | D:2      | Reached XP level 3. HP: 32/33 MP: 2/2
   889 | D:2      | Reached skill level 3 in Unarmed Combat
  1000 | D:2      | Found a bloodstained altar of Trog.
  1057 | D:2      | Found an iron altar of Okawaru.
  1087 | D:2      | Found a stormy altar of Qazlal.
  1214 | D:2      | Reached XP level 4. HP: 32/41 MP: 3/3
  1573 | D:3      | Reached skill level 4 in Unarmed Combat
  2181 | D:3      | Found a snail-covered altar of Cheibriados.
  2243 | D:4      | Reached skill level 5 in Unarmed Combat
  2243 | D:4      | Reached XP level 5. HP: 48/48 MP: 4/4
  2307 | D:4      | Reached skill level 6 in Unarmed Combat
  2307 | D:4      | Reached XP level 6. HP: 43/55 MP: 5/5
  2902 | D:4      | Reached skill level 7 in Unarmed Combat
  3211 | D:5      | Entered Level 5 of the Dungeon
  3237 | D:5      | Found Dady's Antique Weapon Boutique.
  3240 | D:5      | Reached XP level 7. HP: 19/62 MP: 6/6
  3337 | D:5      | Found a staircase to the Ecumenical Temple.
  3368 | D:5      | Found Zin's Purification Station.
  3368 | D:5      | Found a glowing silver altar of Zin.
  3405 | D:5      | Found a hazy altar of Hepliaklqana.
  3556 | D:5      | Found Uklaerunuk's Distillery.
  3560 | D:5      | Bought a potion of degeneration for 15 gold pieces
  3586 | D:5      | Reached skill level 8 in Unarmed Combat
  3598 | D:5      | Found an ancient bone altar of Kikubaaqudgha.
  3600 | D:5      | Found a sacrificial altar of Ru.
  3602 | D:5      | Found a burning altar of Makhleb.
  3618 | D:5      | Found Looraopp's Book Shoppe.
  3729 | D:5      | Reached skill level 9 in Unarmed Combat
  3874 | D:5      | Reached XP level 8. HP: 66/70 MP: 7/7
  4199 | D:6      | HP: 3/70 [orc warrior/cursed +0 mace (7)]
  4201 | D:6      | Mangled by an orc warrior

Skill      XL: |  1  2  3  4  5  6  7 |
---------------+----------------------+-----
Unarmed Combat | 1 2 3 5 6 7 9 |  9.8
Fighting       | |  1.5
Maces & Flails | |  2.6
Throwing       | |  1.0
Dodging        | |  2.4
Evocations     | |  1.0

Action                   |  1- 3 |  4- 6 |  7- 9 || total
-------------------------+-------+-------+-------++-------
Melee: Mace              |    14 |       |       ||    14
       Unarmed           |    94 |   154 |   137 ||   385
       Punch             |       |     1 |     4 ||     5
 Stab: Sleeping          |       |     2 |       ||     2
  Eat: Chunk             |    13 |    14 |    17 ||    44
Armor: Robe              |    34 |    47 |    28 ||   109
Dodge: Dodged            |    72 |    79 |    43 ||   194
